 Dungeon Crawl Stone Soup version 0.19.1-1-g22dce08 (webtiles) character file.

23372 galech the Grappler (level 12, -1/123 HPs)
             Began as a Troll Monk on Jan 7, 2017.
             Was the Champion of Okawaru.
             Killed from afar by an orc wizard (12 damage)
             ... with a puff of flame
             ... on level 2 of the Orcish Mines.
             The game lasted 00:32:37 (10212 turns).

galech the Grappler (Troll Monk)                   Turns: 10212, Time: 00:32:39

Health: -1/123     AC: 10    Str: 29    XL:     12   Next: 71%
Magic:  11/11      EV: 20    Int:  6    God:    Okawaru [******]
Gold:   530        SH:  0    Dex: 12    Spells: 0 memorised, 11 levels left

rFire  . . .     SeeInvis .       - Unarmed
rCold  . . .     Gourm    +     S - +0 troll leather armour
rNeg   . . .     Faith    .     (no shield)
rPois  .         Spirit   .     w - +0 hat
rElec  .         Reflect  .     a - +2 cloak {+Inv}
rCorr  .         Harm     .     (gloves unavailable)
MR     .....                    (boots unavailable)
Stlth  +.........               (no amulet)
                                s - +6 ring of evasion
                                t - +3 ring of strength

@: studying Fighting
A: unfitting armour, claws 3, fast metabolism 3, gourmand, regeneration 1,
shaggy fur 1, tough skin 2
a: Heroism, Finesse, Renounce Religion, Evoke Invisibility


You were on level 2 of the Orcish Mines.
You worshipped Okawaru.
Okawaru was exalted by your worship.
You were completely stuffed.

You visited 3 branches of the dungeon, and saw 14 of its levels.

You collected 1370 gold pieces.
You spent 840 gold pieces at shops.

Inventory:

Hand Weapons
 N - the +7 arbalest of Offence {venom, rElec rPois SInv, unknown}
   (Okawaru gifted it to you on level 8 of the Dungeon)

   It poisons the ammo it fires.
   It insulates you from electricity.
   It protects you from poison.
   It lets you see invisible.
 R - a +3 quarterstaff of protection
Armour
 a - a +2 cloak of invisibility (worn)
 w - a +0 hat (worn)
 S - a +0 troll leather armour (worn)
Jewellery
 n - an uncursed ring of wizardry
 o - an uncursed ring of positive energy
 s - a +6 ring of evasion (right claw)
 t - a +3 ring of strength (left claw)
 B - an uncursed ring of ice
Wands
 v - a wand of hasting (4/9)
Scrolls
 c - 4 scrolls of recharging
 e - a scroll of enchant armour
 g - 4 scrolls of amnesia
 i - a scroll of teleportation
 j - 3 scrolls of noise {unknown}
 l - a scroll of magic mapping
 x - 5 scrolls of enchant weapon {unknown}
 y - 4 scrolls of remove curse
 D - 4 scrolls of fog
 E - a scroll of immolation
 H - a scroll of blinking
 O - a scroll of fear
 P - a scroll of brand weapon
Potions
 f - 3 potions of heal wounds {unknown}
 k - 2 potions of invisibility {unknown}
 m - 3 potions of brilliance {unknown}
 p - a potion of berserk rage {unknown}
 r - 5 potions of flight {unknown}
 u - a potion of ambrosia {unknown}
 z - 3 potions of curing {unknown}
 F - 2 potions of lignification {unknown}
 J - a potion of might {unknown}
 K - a potion of beneficial mutation {unknown}
 M - 3 potions of mutation {unknown}
 V - a potion of cancellation {unknown}
Books
 h - a manual of Fighting
 L - a book of Minor Magic

   Spells                             Type                      Level
   a - Magic Dart                     Conjuration                  1
   b - Blink                          Translocation                2
   c - Call Imp                       Summoning                    2
   d - Repel Missiles                 Charms/Air                   2
   e - Slow                           Hexes                        2
   f - Conjure Flame                  Conjuration/Fire             3
   g - Mephitic Cloud                 Conjuration/Poison/Air       3
 Q - a book of Callings

   Spells                             Type                      Level
   a - Summon Small Mammal            Summoning                    1
   b - Call Imp                       Summoning                    2
   c - Call Canine Familiar           Summoning                    3
   d - Summon Guardian Golem          Hexes/Summoning              3
   e - Summon Lightning Spire         Summoning/Air                4
   f - Summon Ice Beast               Ice/Summoning                4
 U - a book of Geomancy

   Spells                             Type                      Level
   a - Sandblast                      Earth                        1
   b - Passwall                       Transmutation/Earth          2
   c - Stone Arrow                    Conjuration/Earth            3
   d - Petrify                        Transmutation/Earth          4
   e - Lee's Rapid Deconstruction     Earth                        5
 Y - a book of Misfortune

   Spells                             Type                      Level
   a - Confusing Touch                Hexes                        1
   b - Confuse                        Hexes                        3
   c - Gell's Gravitas                Hexes/Translocation          3
   d - Petrify                        Transmutation/Earth          4
   e - Metabolic Englaciation         Hexes/Ice                    5
   f - Yara's Violent Unravelling     Hexes/Transmutation          5
 Z - a book of Cantrips

   Spells                             Type                      Level
   a - Confusing Touch                Hexes                        1
   b - Animate Skeleton               Necromancy                   1
   c - Summon Small Mammal            Summoning                    1
   d - Apportation                    Translocation                1
Comestibles
 b - 11 bread rations
 d - 4 fruits
 q - 5 meat rations
 A - 3 beef jerkies
 I - 9 slices of pizza
 W - a royal jelly
 X - 7 chunks of flesh


   Skills:
 + Level 9.3 Fighting
 + Level 3.9 Armour
 + Level 9.2 Dodging
 - Level 1.0 Stealth
 * Level 14.7 Unarmed Combat


You had 11 spell levels left.
You didn't know any spells.

Dungeon Overview and Level Annotations

Branches:
Dungeon (11/15)            Temple (1/1) D:4            Lair (0/6) D:10
    Orc (2/2) D:10
    Elf: Orc:2

Altars:
Ashenzari
Cheibriados
Dithmenos
Elyvilon
Fedhas
Gozag
Hepliaklqana
Kikubaaqudgha
Makhleb
Nemelex Xobeh
Okawaru
Qazlal
Ru
Sif Muna
Trog
Uskayaw
Vehumet
Xom
Yredelemnul
Zin
The Shining One

Shops:
D:6 [   Orc:2 ?!


Innate Abilities, Weirdness & Mutations

You are too large for most types of armour.
You have claws for hands.
Your metabolism is lightning-fast.
You like to eat raw meat.
Your natural rate of healing is unusually fast.
You are covered in fur. (AC +1)
You have very tough skin. (AC +2)


Message History

The orc priest invokes the aid of Beogh against you.
Pain shoots through your body!
* * * LOW HITPOINT WARNING * * *
Some of the chunks of flesh in your inventory have rotted away.
The orc priest calls down the wrath of Beogh upon you.
Beogh smites you!
* * * LOW HITPOINT WARNING * * *
The orc wizard casts a cantrip, but nothing happens.
The orc priest calls down the wrath of Beogh upon you.
Beogh smites you!
* * * LOW HITPOINT WARNING * * *
The orc priest calls down the wrath of Beogh upon you.
Beogh smites you!
* * * LOW HITPOINT WARNING * * *
The orc wizard gestures at you while chanting.
The puff of flame hits you!
* * * LOW HITPOINT WARNING * * *
The orc wizard points at you and mumbles some strange words.
The puff of flame hits you!
You die...

#......##.......#
###......##......##
##........##.......#
#........###......##
##........##.......#
#..#.....#........#
##.#..<.......##.##
###..........####
##..@......##.## ##
##............# #.
#........#..## #.
####.......#...#### ##
###........o.o..###.####
#.......#...o........#..
##......##.......##.....
##........##.......#....#
#..........#.............


You could see an orc priest, an orc wizard and an orc.

Vanquished Creatures
  Gastronok (D:8)
  Erica (D:8)
  2 hill giants
  3 orc knights
  4 orc sorcerers (Orc:2)
  An ugly thing (D:8)
  The ghost of Paps the Covered, a novice DsFi of Okawaru (D:6)
  A gargoyle (D:11)
  An ice devil (Orc:2)
  3 trolls (D:10)
  2 hornets
  A two-headed ogre (D:6)
  Prince Ribbit (D:8)
  2 hippogriffs
  A shadow (D:10)
  A vampire (D:11)
  Sigmund (D:4)
  2 wyverns
  4 hungry ghosts
  4 hogs (D:9)
  A human (D:9)
  A neqoxec (Orc:2)
  Grum (D:8)
  6 yaks (D:9)
  A warg (Orc:1)
  Edmund (D:4)
  A water moccasin (D:8)
  3 ice beasts
  31 orc warriors
  A black bear (D:6)
  2 phantoms
  2 sky beasts
  13 ogres
  2 wolves (D:8)
  2 centaurs (D:6)
  2 big kobolds
  7 bullfrogs
  3 gnoll sergeants (D:10)
  2 water moccasin skeletons (D:8)
  12 wights
  12 killer bees
  4 howler monkeys
  3 crimson imps
  4 centaur zombies
  A bullfrog zombie (D:7)
  19 orc priests
  6 hounds
  6 jellies
  2 centaur skeletons
  4 iguanas
  31 orc wizards
  Natasha (thrice) (D:3)
  8 worker ants
  2 hound skeletons
  A worker ant zombie (D:11)
  12 gnolls
  7 adders
  3 shadow imps
  An adder zombie (D:9)
  6 worms
  A leopard gecko (D:7)
  69 orcs
  4 ball pythons
  6 giant cockroaches
  2 goblins
  A hobgoblin (D:2)
  10 jackals
  11 kobolds
  2 quokkas
  3 bats
  2 frilled lizards (D:2)
  A rat (D:3)
  A plant (D:10)
379 creatures vanquished.

Notes
Turn   | Place    | Note
-------+----------+-------------------------------------------
     0 | D:1      | galech the Troll Monk began the quest for the Orb.
     0 | D:1      | Reached XP level 1. HP: 22/22 MP: 0/0
   195 | D:1      | Reached XP level 2. HP: 29/29 MP: 1/1
   530 | D:1      | You fall through a shaft!
   775 | D:2      | Reached XP level 3. HP: 36/36 MP: 2/2
  1413 | D:3      | Noticed Natasha
  1423 | D:3      | Killed Natasha
  1483 | D:3      | Reached XP level 4. HP: 38/45 MP: 3/3
  1546 | D:3      | Noticed Natasha
  1556 | D:3      | Killed Natasha
  1556 | D:3      | Reached skill level 4 in Unarmed Combat
  1874 | D:3      | Noticed Natasha
  1879 | D:3      | Killed Natasha
  2058 | D:4      | Found a staircase to the Ecumenical Temple.
  2064 | D:4      | Noticed Sigmund
  2066 | D:4      | Noticed Edmund
  2080 | D:4      | Reached XP level 5. HP: 34/53 MP: 4/4
  2083 | D:4      | Killed Sigmund
  2083 | D:4      | Reached skill level 5 in Unarmed Combat
  2083 | D:4      | Reached XP level 6. HP: 35/61 MP: 5/5
  2091 | Temple   | Entered the Ecumenical Temple
  2145 | Temple   | Became a worshipper of Warmaster Okawaru
  2145 | Temple   | Reached * piety under Okawaru
  2145 | Temple   | Reached ** piety under Okawaru
  2212 | D:4      | Found a bloodstained altar of Trog.
  2260 | D:4      | Found a radiant altar of Vehumet.
  2390 | D:4      | Reached skill level 6 in Unarmed Combat
  2390 | D:4      | Reached XP level 7. HP: 65/68 MP: 6/6
  2418 | D:4      | Killed Edmund
  2674 | D:5      | Entered Level 5 of the Dungeon
  2736 | D:5      | Found a shattered altar of Ashenzari.
  3307 | D:6      | Reached skill level 7 in Unarmed Combat
  3339 | D:6      | Reached XP level 8. HP: 75/79 MP: 7/7
  3362 | D:6      | Reached *** piety under Okawaru
  3429 | D:6      | Noticed Paps's ghost (novice DsFi)
  3449 | D:6      | Killed Paps's ghost
  3449 | D:6      | Reached skill level 5 in Fighting
  3449 | D:6      | Reached skill level 5 in Dodging
  3449 | D:6      | Reached skill level 8 in Unarmed Combat
  3642 | D:6      | Reached **** piety under Okawaru
  3697 | D:6      | Reached XP level 9. HP: 88/88 MP: 8/8
  3704 | D:6      | Reached skill level 9 in Unarmed Combat
  3922 | D:6      | Found Ighu's Antique Armour Shop.
  4613 | D:7      | Found a deep blue altar of Sif Muna.
  4922 | D:8      | Noticed Prince Ribbit
  5043 | D:8      | Reached skill level 10 in Unarmed Combat
  5076 | D:8      | Noticed Grum
  5097 | D:8      | Reached ***** piety under Okawaru
  5105 | D:8      | Killed Grum
  5165 | D:8      | Killed Prince Ribbit
  5165 | D:8      | Reached XP level 10. HP: 63/100 MP: 9/9
  5245 | D:8      | Noticed Gastronok
  5257 | D:8      | Killed Gastronok
  5257 | D:8      | Reached skill level 11 in Unarmed Combat
  5260 | D:8      | Noticed a green ugly thing
  5277 | D:8      | Killed a green ugly thing
  5497 | D:8      | Found a bloodstained altar of Trog.
  5518 | D:8      | Received a gift from Okawaru
  5521 | D:8      | Got a steaming arbalest {god gift}
  5585 | D:8      | Reached skill level 12 in Unarmed Combat
  5931 | D:8      | Noticed Erica
  5936 | D:8      | Killed Erica
  5939 | D:8      | Reached XP level 11. HP: 95/109 MP: 10/10
  6081 | D:9      | Found a white marble altar of Elyvilon.
  6551 | D:9      | Reached ****** piety under Okawaru
  6560 | D:9      | Received a gift from Okawaru
  7013 | D:10     | Entered Level 10 of the Dungeon
  7013 | D:10     | Noticed a hill giant
  7018 | D:10     | Killed a hill giant
  7018 | D:10     | Reached skill level 13 in Unarmed Combat
  7029 | D:10     | Found a staircase to the Lair.
  7063 | D:10     | Found a staircase to the Orcish Mines.
  7479 | D:10     | Reached skill level 1 in Armour
  8239 | D:11     | Received a gift from Okawaru
  8286 | D:11     | Noticed a hill giant
  8296 | D:11     | Killed a hill giant
  8296 | D:11     | Reached XP level 12. HP: 91/122 MP: 11/11
  8818 | Orc:1    | Entered Level 1 of the Orcish Mines
  8982 | Orc:1    | You fall through a shaft!
  8982 | Orc:2    | Entered Level 2 of the Orcish Mines
  9058 | Orc:2    | Reached skill level 14 in Unarmed Combat
  9639 | Orc:2    | Paralysed by an orc sorcerer for 3 turns
  9909 | Orc:2    | Found Olues's Distillery.
  9910 | Orc:2    | Found Qyogoen's Magic Scroll Boutique.
  9984 | Orc:2    | Bought a scroll of identify for 30 gold pieces
  9984 | Orc:2    | Bought a scroll of acquirement for 780 gold pieces
  9984 | Orc:2    | Bought a scroll of identify for 30 gold pieces
 10207 | Orc:2    | HP: 5/123 [orc wizard/puff of flame (6)]
 10212 | Orc:2    | Killed from afar by an orc wizard

Skill      XL: |  1  2  3  4  5  6  7  8  9 10 11 12 |
---------------+-------------------------------------+-----
Fighting       | 3 4 5 6 7 8 9 |  9.3
Dodging        | 3 4 5 6 7 8 9 |  9.2
Unarmed Combat | 4 5 6 7 8 10 12 13 14 | 14.7
Armour         | 2 3 |  3.9
Stealth        | |  1.0

Action                   |  1- 3 |  4- 6 |  7- 9 | 10-12 || total
-------------------------+-------+-------+-------+-------++-------
Melee: Unarmed           |    81 |    74 |   253 |   741 ||  1149
       Punch             |     1 |     1 |    15 |    56 ||    73
Invok: Heroism           |       |       |     1 |     5 ||     6
       Finesse           |       |       |       |     1 ||     1
  Use: Scroll            |       |       |       |    14 ||    14
 Stab: Sleeping          |     1 |       |     5 |     1 ||     7
       Distracted        |       |       |     1 |       ||     1
  Eat: Chunk             |    14 |    13 |    26 |    59 ||   112
Armor: Robe              |    16 |     8 |    26 |    27 ||    77
       Troll leather arm |       |       |       |    65 ||    65
Dodge: Dodged            |    29 |    36 |   165 |   569 ||   799
